IL
LOUISVILLE BATS @ COLORADO SPRINGS SKY SOX
08/19/2049
 
TOP OF THE 1ST
Louisville Bats batting - Pitching for Colorado Springs Sky Sox : RHP Andrew Ferrell
Pitching: RHP Andrew Ferrell
Batting: RHB Takanibu Kaneshiro 0-0: Called Strike
0-1: Foul Ball, location: 2F
0-2: Strikes out looking
Batting: SHB Freddie Farrar 0-0: Ball
1-0: Ball
2-0: Called Strike
2-1: Foul Ball, location: 2F
2-2: Foul Ball, location: 2F
2-2: Strikes out swinging
Batting: LHB Jamie Spangenberg 0-0: Called Strike
0-1: Called Strike
0-2: Ball
1-2: DOUBLE (Line Drive, 5D, EV 100.0 MPH)
Batting: RHB Bruno André 0-0: Called Strike
0-1: Ball
1-1: Swinging Strike
1-2: Ball
2-2: Strikes out swinging
Top of the 1st over - 0 runs, 1 hit, 0 errors, 1 left on base; Louisville 0 - Colorado Springs 0
BOTTOM OF THE 1ST
Colorado Springs Sky Sox batting - Pitching for Louisville Bats : LHP Edwin Pacheco
Pitching: LHP Edwin Pacheco
Batting: RHB Juan Figueroa 0-0: Ball
1-0: Foul Ball, location: 2F
1-1: Called Strike
1-2: Foul Ball, location: 2F
1-2: Ball
2-2: Ball
3-2: Strikes out swinging
Batting: LHB Steve Gilliam 0-0: Ball
1-0: Foul Ball, location: 2F
1-1: Ball
2-1: Foul Ball, location: 2F
2-2: Ground out 6-3 (Groundball, 6, EV 83.1 MPH)
Batting: RHB Eric Delgado 0-0: Swinging Strike
0-1: Ball
1-1: Ball
2-1: Ground out 3-1 (Groundball, 34, EV 105.6 MPH)
Bottom of the 1st over - 0 runs, 0 hits, 0 errors, 0 left on base; Louisville 0 - Colorado Springs 0
TOP OF THE 2ND
Louisville Bats batting - Pitching for Colorado Springs Sky Sox : RHP Andrew Ferrell
Batting: RHB Jonathan Robies 0-0: Ball
1-0: SINGLE (Groundball, 56S, EV 70.0 MPH) (infield hit)
Batting: LHB Leo Gomez 0-0: Ball
1-0: Foul Ball, location: 2F
1-1: SINGLE (Line Drive, 78S, EV 91.9 MPH)
Jonathan Robies to second
Batting: RHB Won-jun Park 0-0: Foul Ball, location: 2F
0-1: Ball
1-1: Ball
2-1: Ball
Wild Pitch!
Jonathan Robies to third
Leo Gomez to second
3-1: Foul Ball, location: 2F
3-2: Ground out 1-3 (Groundball, 25, EV 64.4 MPH)
Batting: RHB Danny Real 0-0: DOUBLE (Line Drive, 9LS, EV 91.9 MPH)
Jonathan Robies scores
Leo Gomez scores
Batting: SHB Paul Sandoval 0-0: Ball
1-0: Called Strike
1-1: Swinging Strike
1-2: Strikes out swinging
Batting: RHB Takanibu Kaneshiro 0-0: Called Strike
0-1: Foul Ball, location: 2F
0-2: 2-RUN HOME RUN (Flyball, 78XD, EV 111.2 MPH), Distance : 422 ft
Batting: SHB Freddie Farrar 0-0: Called Strike
0-1: Ball
1-1: Foul Ball, location: 2F
1-2: SINGLE (Groundball, 4MD, EV 95.0 MPH)
Batting: LHB Jamie Spangenberg 0-0: Foul Ball, location: 2F
0-1: Ball
1-1: Swinging Strike
1-2: Strikes out swinging
Top of the 2nd over - 4 runs, 5 hits, 0 errors, 1 left on base; Louisville 4 - Colorado Springs 0
BOTTOM OF THE 2ND
Colorado Springs Sky Sox batting - Pitching for Louisville Bats : LHP Edwin Pacheco
Batting: LHB Michael Krott 0-0: Ball
1-0: Called Strike
1-1: SINGLE (Line Drive, 34D, EV 94.4 MPH)
Batting: LHB Mick Tucker 0-0: Ball
1-0: Called Strike
1-1: Ball
2-1: Swinging Strike
2-2: Strikes out swinging
Batting: RHB Pei Xie 0-0: Fielders Choice at 2nd, 6-4 (Groundball, 6, EV 84.4 MPH)
Batting: LHB Kyle Schaible 0-0: Ball
1-0: Ball
2-0: Called Strike
2-1: Ball
3-1: Base on Balls
Pei Xie to second
Batting: RHB Kevin Tangeman 0-0: Ball
1-0: Foul Ball, location: 2F
1-1: Ball
2-1: DOUBLE (Groundball, 5L, EV 105.6 MPH)
Pei Xie scores
Kyle Schaible to third
Batting: LHB Nick Martin 0-0: Called Strike
0-1: Ball
1-1: Ground out 4-3 (Groundball, 4, EV 90.0 MPH)
Bottom of the 2nd over - 1 run, 2 hits, 0 errors, 2 left on base; Louisville 4 - Colorado Springs 1
TOP OF THE 3RD
Louisville Bats batting - Pitching for Colorado Springs Sky Sox : RHP Andrew Ferrell
Batting: RHB Bruno André 0-0: Ball
1-0: Ball
2-0: Called Strike
2-1: Foul Ball, location: 2F
2-2: Ball
3-2: Base on Balls
Batting: RHB Jonathan Robies 0-0: Grounds into double play, 4-6-3 (Groundball, 4S, EV 79.4 MPH)
Batting: LHB Leo Gomez 0-0: Ball
1-0: Ball
2-0: Ball
3-0: Called Strike
3-1: Ground out U3 (Groundball, 34, EV 98.1 MPH)
Top of the 3rd over - 0 runs, 0 hits, 0 errors, 0 left on base; Louisville 4 - Colorado Springs 1
BOTTOM OF THE 3RD
Colorado Springs Sky Sox batting - Pitching for Louisville Bats : LHP Edwin Pacheco
Batting: RHB Juan Figueroa 0-0: Ground out 3-1 (Groundball, 13, EV 85.6 MPH)
Batting: LHB Steve Gilliam 0-0: Ball
1-0: Called Strike
1-1: Swinging Strike
1-2: Strikes out swinging
Batting: RHB Eric Delgado 0-0: Called Strike
0-1: SINGLE (Flyball, 6D, EV 90.6 MPH)
Batting: LHB Michael Krott 0-0: Ball
1-0: Ball
2-0: Ball
3-0: Fly out, F9 (Flyball, 89D, EV 97.5 MPH)
Bottom of the 3rd over - 0 runs, 1 hit, 0 errors, 1 left on base; Louisville 4 - Colorado Springs 1
TOP OF THE 4TH
Louisville Bats batting - Pitching for Colorado Springs Sky Sox : RHP Andrew Ferrell
Batting: RHB Won-jun Park 0-0: Called Strike
0-1: Ground out 5-3 (Groundball, 56S, EV 67.5 MPH)
Batting: RHB Danny Real 0-0: Ball
1-0: Called Strike
1-1: Called Strike
1-2: Foul Ball, location: 2F
1-2: Foul Ball, location: 2F
1-2: Ground out 6-3 (Groundball, 6, EV 83.8 MPH)
Batting: SHB Paul Sandoval 0-0: SINGLE (Groundball, 4S, EV 66.9 MPH) (infield hit)
Batting: RHB Takanibu Kaneshiro 0-0: Foul Ball, location: 2F
0-1: Ball
1-1: Ball
2-1: Foul Ball, location: 2F
2-2: Fielders Choice at 2nd, 5-4 (Groundball, 56, EV 81.2 MPH)
Top of the 4th over - 0 runs, 1 hit, 0 errors, 1 left on base; Louisville 4 - Colorado Springs 1
BOTTOM OF THE 4TH
Colorado Springs Sky Sox batting - Pitching for Louisville Bats : LHP Edwin Pacheco
Batting: LHB Mick Tucker 0-0: Ball
1-0: SINGLE (Line Drive, 34, EV 94.4 MPH)
Batting: RHB Pei Xie 0-0: Ball
1-0: Foul Ball, location: 2F
1-1: Grounds into double play, 6-4-3 (Groundball, 6, EV 91.9 MPH)
Batting: LHB Kyle Schaible 0-0: Called Strike
0-1: Ball
1-1: Foul Ball, location: 2F
1-2: Foul Ball, location: 2F
1-2: Ground out 5-3 (Groundball, 56, EV 81.9 MPH)
Bottom of the 4th over - 0 runs, 1 hit, 0 errors, 0 left on base; Louisville 4 - Colorado Springs 1
TOP OF THE 5TH
Louisville Bats batting - Pitching for Colorado Springs Sky Sox : RHP Andrew Ferrell
Batting: SHB Freddie Farrar 0-0: Ball
1-0: Called Strike
1-1: Ball
2-1: Hit by Pitch
Batting: LHB Jamie Spangenberg 0-0: Ball
1-0: Ball
2-0: Ball
3-0: Called Strike
3-1: Base on Balls
Freddie Farrar to second
Batting: RHB Bruno André 0-0: Ball
Wild Pitch!
Freddie Farrar to third
Jamie Spangenberg to second
1-0: Swinging Strike
1-1: Ball
2-1: Fly out, F8 (Line Drive, 8RD, EV 110.0 MPH)
Runner from 3rd tags up, SCORES, throw by CF
Pitching: RHP Zach Sommer
Batting: RHB Jonathan Robies 0-0: Ball
1-0: Ball
2-0: Ball
3-0: Called Strike
3-1: SINGLE (Line Drive, 9S, EV 88.1 MPH)
Jamie Spangenberg to third
Batting: LHB Leo Gomez 0-0: Ball
1-0: Swinging Strike
1-1: Foul Ball, location: 2F
1-2: Strikes out swinging
Batting: RHB Won-jun Park 0-0: SINGLE (Line Drive, 9S, EV 105.6 MPH)
Jamie Spangenberg scores
Jonathan Robies to second
Runner from 2nd tries for 3rd, OUT! 9-5
Top of the 5th over - 2 runs, 2 hits, 0 errors, 1 left on base; Louisville 6 - Colorado Springs 1
BOTTOM OF THE 5TH
Colorado Springs Sky Sox batting - Pitching for Louisville Bats : LHP Edwin Pacheco
Batting: RHB Kevin Tangeman 0-0: Ball
1-0: Called Strike
1-1: Foul Ball, location: 2F
1-2: Ball
2-2: Ball
3-2: Ground out 6-3 (Groundball, 6MD, EV 106.9 MPH)
Batting: LHB Nick Martin 0-0: Ball
1-0: Ball
2-0: Called Strike
2-1: Called Strike
2-2: Ball
3-2: Foul Ball, location: 2F
3-2: DOUBLE (Flyball, 89D, EV 103.8 MPH)
Batting: RHB Juan Figueroa 0-0: Ball
Nick Martin steals 3rd base
1-0: Ball
2-0: Ball
3-0: Called Strike
3-1: Ground out U3 (Groundball, 3S, EV 90.6 MPH)
Batting: LHB Steve Gilliam 0-0: Called Strike
0-1: Called Strike
0-2: SINGLE (Line Drive, 89M, EV 96.9 MPH)
Nick Martin scores
Batting: RHB Eric Delgado 0-0: Called Strike
0-1: Ball
1-1: Fly out, F9 (Flyball, 89S, EV 85.6 MPH)
Bottom of the 5th over - 1 run, 2 hits, 0 errors, 1 left on base; Louisville 6 - Colorado Springs 2
TOP OF THE 6TH
Louisville Bats batting - Pitching for Colorado Springs Sky Sox : RHP Zach Sommer
Batting: RHB Danny Real 0-0: Swinging Strike
0-1: Swinging Strike
0-2: Foul Ball, location: 2F
0-2: Ground out 6-3 (Groundball, 6, EV 84.4 MPH)
Batting: SHB Paul Sandoval 0-0: Swinging Strike
0-1: Swinging Strike
0-2: Ball
1-2: Ball
2-2: Strikes out swinging
Batting: RHB Takanibu Kaneshiro 0-0: Ball
1-0: Ball
2-0: SOLO HOME RUN (Flyball, 7LD, EV 97.5 MPH), Distance : 369 ft
Batting: SHB Freddie Farrar 0-0: Ground out 1-3 (Groundball, 15, EV 65.0 MPH)
Top of the 6th over - 1 run, 1 hit, 0 errors, 0 left on base; Louisville 7 - Colorado Springs 2
BOTTOM OF THE 6TH
Colorado Springs Sky Sox batting - Pitching for Louisville Bats : LHP Edwin Pacheco
Batting: LHB Michael Krott 0-0: Ball
1-0: Ground out U3 (Groundball, 3, EV 86.2 MPH)
Batting: LHB Mick Tucker 0-0: Ball
1-0: Called Strike
1-1: Foul Ball, location: 2F
1-2: Foul Ball, location: 2F
1-2: Ground out U3 (Groundball, 34S, EV 86.9 MPH)
Batting: RHB Pei Xie 0-0: Ball
1-0: Swinging Strike
1-1: Ball
2-1: Called Strike
2-2: Ball
3-2: Strikes out looking
Bottom of the 6th over - 0 runs, 0 hits, 0 errors, 0 left on base; Louisville 7 - Colorado Springs 2
TOP OF THE 7TH
Louisville Bats batting - Pitching for Colorado Springs Sky Sox : RHP Zach Sommer
Batting: LHB Jamie Spangenberg 0-0: Ball
1-0: Foul Ball, location: 2F
1-1: Ball
2-1: Ball
3-1: Ground out U3 (Groundball, 34S, EV 86.2 MPH)
Batting: RHB Bruno André 0-0: Ball
1-0: Swinging Strike
1-1: Ball
2-1: Swinging Strike
2-2: Strikes out swinging
Batting: RHB Jonathan Robies 0-0: SINGLE (Line Drive, 3D, EV 94.4 MPH)
Pitching: LHP Armando Florez
Batting: LHB Leo Gomez 0-0: Called Strike
0-1: Ball
1-1: Ball
2-1: Ball
3-1: Fielders Choice at 2nd, 6-4 (Groundball, 6, EV 83.1 MPH)
Top of the 7th over - 0 runs, 1 hit, 0 errors, 1 left on base; Louisville 7 - Colorado Springs 2
BOTTOM OF THE 7TH
Colorado Springs Sky Sox batting - Pitching for Louisville Bats : LHP Edwin Pacheco
Pitching: RHP Ken Armstrong
Batting: LHB Kyle Schaible 0-0: Ball
1-0: Ball
2-0: Ball
3-0: Base on Balls
Batting: RHB Kevin Tangeman 0-0: Foul Ball, location: 2F
0-1: SINGLE (Line Drive, 34D, EV 96.2 MPH)
Kyle Schaible to second
Runner from 2nd tries for 3rd, OUT! 9-5
Batting: LHB Nick Martin 0-0: Called Strike
Kevin Tangeman steals 2nd base
0-1: Ground out 6-3 (Groundball, 56, EV 81.9 MPH)
Batting: RHB Juan Figueroa 0-0: Ball
1-0: Foul Ball, location: 2F
1-1: Ground out U3 (Groundball, 3, EV 88.8 MPH)
Bottom of the 7th over - 0 runs, 1 hit, 0 errors, 1 left on base; Louisville 7 - Colorado Springs 2
TOP OF THE 8TH
Louisville Bats batting - Pitching for Colorado Springs Sky Sox : LHP Armando Florez
Batting: RHB Won-jun Park 0-0: Ball
1-0: Foul Ball, location: 2F
1-1: Ball
2-1: Ball
3-1: Called Strike
3-2: Base on Balls
Batting: RHB Danny Real 0-0: Ball
1-0: Called Strike
1-1: Foul Ball, location: 2F
1-2: Strikes out swinging
Batting: SHB Paul Sandoval 0-0: Called Strike
0-1: Fielders Choice at 2nd, 5-4 (Groundball, 56S, EV 85.6 MPH)
Batting: RHB Takanibu Kaneshiro 0-0: Ball
1-0: Foul Ball, location: 2F
1-1: Called Strike
1-2: Foul Ball, location: 2F
1-2: Strikes out swinging
Top of the 8th over - 0 runs, 0 hits, 0 errors, 1 left on base; Louisville 7 - Colorado Springs 2
BOTTOM OF THE 8TH
Colorado Springs Sky Sox batting - Pitching for Louisville Bats : RHP Ken Armstrong
Batting: LHB Steve Gilliam 0-0: Ball
1-0: Ball
2-0: Ball
3-0: Called Strike
3-1: Base on Balls
Batting: RHB Eric Delgado 0-0: Ball
1-0: Called Strike
1-1: Called Strike
1-2: Foul Ball, location: 2F
1-2: Foul Ball, location: 2F
1-2: Foul Ball, location: 2F
1-2: Foul Ball, location: 2F
1-2: Strikes out swinging
Batting: LHB Michael Krott 0-0: Foul Ball, location: 2F
0-1: Swinging Strike
0-2: Foul Ball, location: 2F
0-2: Ball
1-2: Foul Ball, location: 2F
1-2: Fielders Choice at 2nd, 4-6 (Groundball, 34, EV 84.4 MPH)
Batting: LHB Mick Tucker 0-0: Called Strike
0-1: Foul Ball, location: 2F
0-2: Ball
1-2: Ball
2-2: Ball
3-2: Foul Ball, location: 2F
3-2: Strikes out looking
Bottom of the 8th over - 0 runs, 0 hits, 0 errors, 1 left on base; Louisville 7 - Colorado Springs 2
TOP OF THE 9TH
Louisville Bats batting - Pitching for Colorado Springs Sky Sox : LHP Armando Florez
Batting: SHB Freddie Farrar 0-0: Ground out 6-3 (Groundball, 6S, EV 62.5 MPH)
Batting: LHB Jamie Spangenberg 0-0: Ball
1-0: Ball
2-0: Ground out U3 (Groundball, 3, EV 94.4 MPH)
Batting: RHB Bruno André 0-0: Ball
1-0: Called Strike
1-1: Called Strike
1-2: Ball
2-2: Ball
3-2: Base on Balls
Batting: RHB Jonathan Robies 0-0: Ball
1-0: Called Strike
1-1: Ball
2-1: Foul Ball, location: 2F
2-2: SINGLE (Line Drive, 7S, EV 84.4 MPH)
Bruno André to second
Pitching: LHP Eric Zielinski
Batting: LHB Leo Gomez 0-0: Ball
1-0: Foul Ball, location: 2F
1-1: Foul Ball, location: 2F
1-2: Ground out 3-1 (Groundball, 34, EV 105.6 MPH)
Top of the 9th over - 0 runs, 1 hit, 0 errors, 2 left on base; Louisville 7 - Colorado Springs 2
BOTTOM OF THE 9TH
Colorado Springs Sky Sox batting - Pitching for Louisville Bats : RHP Ken Armstrong
Batting: RHB Pei Xie 0-0: Ground out 6-3 (Groundball, 6, EV 85.6 MPH)
Batting: LHB Kyle Schaible 0-0: Swinging Strike
0-1: Called Strike
0-2: Strikes out looking
Batting: RHB Kevin Tangeman 0-0: Fly out, F7 (Flyball, 7LM, EV 108.8 MPH)
Bottom of the 9th over - 0 runs, 0 hits, 0 errors, 0 left on base; Louisville 7 - Colorado Springs 2
Sunday, July 16th , 2023 - OOTP Baseball 24.6 Build 69